 Dungeon Crawl Stone Soup version 0.17.1-3-g152610e (webtiles) character file.

170 moxian the Slasher (level 5, -5/36 HPs)
             Began as a High Elf Fighter on Apr 17, 2016.
             Was an Initiate of Ru.
             Killed by divine providence
             ... invoked by an orc priest
              (8 damage)
             ... on level 4 of the Dungeon.
             The game lasted 00:12:52 (3983 turns).

moxian the Slasher (High Elf Fighter)               Turns: 3983, Time: 00:12:53

Health: -5/36      AC:  6    Str: 15    XL:     5   Next: 26%
Magic:  6/6        EV:  7    Int: 11    God:    Ru [......]
Gold:   215        SH:  9    Dex: 16    Spells: 0 memorised, 4 levels left

rFire  . . .     SeeInvis .     a - +0 long sword
rCold  . . .     Clarity  .     b - +0 scale mail
rNeg   . . .     SustAt   .     c - +0 shield
rPois  .         Gourm    .     (no helmet)
rElec  .         Spirit   .     (no cloak)
rCorr  .         Warding  .     (no gloves)
rMut   .         Stasis   .     (no boots)
MR     .....                    (no amulet)
Stlth  ..........               (no ring)
                                (no ring)

@: lethally poisoned (-5 -> -6), not resistant to hostile enchantments,
extremely unstealthy
A: no striking features
a: Renounce Religion


You were on level 4 of the Dungeon.
You worshipped Ru.
Ru was noncommittal.
You were not hungry.

You visited 1 branch of the dungeon, and saw 4 of its levels.

You collected 215 gold pieces.

Inventory:

Hand Weapons
 a - a +0 long sword (weapon)
 w - a +1 dagger of venom
 x - a +0 war axe of freezing
Missiles
 m - 76 stones (quivered)
 r - 12 bolts of penetration
 u - 20 bolts
Armour
 b - a +0 scale mail (worn)
 c - a +0 shield (worn)
Scrolls
 f - a scroll of fear {unknown}
 o - 2 scrolls of blinking {unknown}
 p - a scroll of teleportation {unknown}
 q - a scroll of identify
 s - 2 scrolls of remove curse {unknown}
 v - a scroll of enchant weapon {unknown}
Potions
 g - 3 potions of ambrosia
 h - 2 potions of brilliance
 i - 2 potions of mutation
 j - a potion of agility
 l - a potion of curing
Comestibles
 d - a chunk of flesh
 e - 3 bread rations
 k - 2 beef jerkies
 n - 4 meat rations


   Skills:
 - Level 3.3 Fighting
 * Level 4.8 Long Blades
 + Level 3.4 Armour
 - Level 1.0 Dodging
 + Level 3.3 Shields


You had 4 spell levels left.
You didn't know any spells.

Dungeon Overview and Level Annotations

Branches:
Dungeon (4/15)
 Temple: D:4-7

Altars:
Ru


Message History

* * * LOW HITPOINT WARNING * * *
The hound bites you.
* * * LOW HITPOINT WARNING * * *
An orc comes into view.
Unknown command.
The hound bites you.
* * * LOW HITPOINT WARNING * * *
The hound bites you but does no damage.
Unknown command.
You closely miss the hound.
The hound is almost dead.
You feel sick.
The orc shouts!
The hound closely misses you. The hound bites you but does no damage.
The orc priest looks braver for a moment.
The hound bites you but does no damage.
You feel sick.
The orc priest calls down the wrath of Beogh upon you.
Something smites you!
You die...

############# ##.....#.....##
##.............##
#...............########
#.......................
########.....h.........########
%/......oo...o@........#
######.#.....a.........####
#%#....................
#.##.............###### #.
##.....#.....## ##
##########.## .... ####..# #...


You could see a hound, a worker ant, an orc priest and 2 orcs.

Vanquished Creatures
  A centaur skeleton (D:4)
  An orc priest (D:3)
  3 adders (D:2)
  An ooze (D:2)
  3 worms
  5 orcs (D:3)
  2 ball pythons
  7 bats
  A giant cockroach (D:3)
  6 hobgoblins
  9 jackals
  6 kobolds
  5 quokkas
  A giant gecko (D:1)
  3 giant newts
  9 goblins
  9 rats
72 creatures vanquished.

Notes
Turn   | Place    | Note
--------------------------------------------------------------
     0 | D:1      | moxian the High Elf Fighter began the quest for the Orb.
     0 | D:1      | Reached XP level 1. HP: 16/16 MP: 2/2
   305 | D:1      | Reached XP level 2. HP: 19/21 MP: 3/3
  1539 | D:2      | Reached skill level 1 in Dodging
  1550 | D:2      | Reached XP level 3. HP: 26/26 MP: 4/4
  2330 | D:2      | Reached XP level 4. HP: 27/31 MP: 5/5
  2489 | D:2      | Found a sacrificial altar of Ru.
  2499 | D:2      | Became a worshipper of Ru the Awakened
  3019 | D:3      | Reached skill level 4 in Long Blades
  3538 | D:3      | Reached XP level 5. HP: 15/36 MP: 6/6
  3983 | D:4      | Killed from afar by an orc priest

Action                   |  1- 3 |  4- 6 || total
-------------------------+-------+-------++-------
Melee: Long sword        |   162 |   121 ||   283
Throw: Stone             |     1 |     1 ||     2
  Use: Scroll            |     2 |     2 ||     4
       Potion            |       |     5 ||     5
  Eat: Chunk             |     3 |     3 ||     6
       Bread ration      |     1 |       ||     1
